Map: Dusk Towers

Players

LilDicky

  • Race: Terran Terran
  • League: Diamond

GoldenAnvil - Winner!

  • Race: Zerg Zerg
  • League: Diamond

VOD

http://www.twitch.tv/tumescentpie

Description

Time

  • Played on: Nov. 23, 2015, 11:49 a.m.
  • Length: 14:49
Show
View Real Time Build Order
Export as new Build Order

LilDicky Terran 

Build Orders: Command Center First (CC), MMM Bio 

Get SALT Encoding   

  12  0:01  SCV  
  13  0:13  SCV  
  14  0:17  Supply Depot  
  14  0:25  SCV  
  15  0:39  SCV  
  16  0:51  SCV  
  18  1:04  SCV  
  18  1:07  Command Center  
  18  1:14  Barracks  
  18  1:17  SCV  
  19  1:29  SCV  
  20  1:42  SCV  
  21  1:54  Command Center  
  21  1:55  SCV  
  22  2:05  Supply Depot  
  22  2:06  Marine  
  25  2:25  Orbital Command  
  25  2:26  Orbital Command  
  23  2:36  Marine  
  24  2:48  Barracks  
  24  2:49  Barracks  
  24  2:53  SCV x2  
  24  2:54  Marine  
  27  3:05  SCV  
  28  3:10  Orbital Command  
  28  3:13  SCV  
  28  3:17  SCV  
  28  3:18  Marine  
  30  3:26  SCV  
  31  3:30  SCV  
  32  3:34  Command Center  
  32  3:35  Marine  
  32  3:36  Marine  
  32  3:37  Marine  
  32  3:38  SCV x2  
  37  3:45  SCV  
  38  3:50  SCV  
  38  3:53  Marine  
  40  3:56  SCV, Marine x2  
  40  3:57  Barracks x2  
  43  4:11  Marine  
  43  4:14  Marine x2  
  46  4:19  SCV  
  46  4:21  Refinery  
  46  4:23  Refinery  
  47  4:26  Orbital Command  
  47  4:27  Barracks x3  
  47  4:29  Marine  
  48  4:32  Marine x2  
  48  4:37  SCV  
  51  4:47  Marine x3  
  51  4:50  Marine x2  
  56  4:58  Orbital Command  
  49  5:01  SCV x2  
  49  5:04  Marine  
  49  5:05  Marine x2  
  54  5:07  Marine  
  54  5:08  Marine  
  58  5:14  Marine  
  58  5:16  Barracks Tech Lab  
  58  5:17  Barracks Tech Lab  
  58  5:19  SCV x2  
  58  5:20  Refinery x2  
  59  5:22  Marine x2  
  59  5:23  Marine  
  59  5:25  Marine x2  
  59  5:27  SCV x2  
  66  5:32  Marine  
  67  5:39  Marine x2  
  67  5:40  Stimpack, Marine x3  
  63  5:43  Marine x2  
  60  5:50  SCV x3  
  60  5:51  SCV  
  60  5:52  Combat Shields  
  60  5:56  Barracks Reactor  
  60  5:57  Marine x2  
  64  5:58  Marine x2  
  64  6:01  Marine x2  
  64  6:02  Barracks Reactor, Barracks, SCV x2  
  64  6:03  SCV x2, Barracks  
  74  6:13  Engineering Bay  
  74  6:14  SCV, Engineering Bay  
  74  6:15  SCV  
  76  6:20  Factory  
  76  6:21  Marine x6  
  76  6:24  SCV  
  83  6:27  Supply Depot  
  83  6:30  Supply Depot  
  83  6:33  SCV, Marine  
  83  6:36  Refinery  
  83  6:37  Marine  
  83  6:39  Marine x6  
  92  6:41  Missile Turret  
  92  6:44  Terran Infantry Armor Level 1  
  92  6:46  Terran Infantry Weapons Level 1  
  92  6:49  SCV  
  92  6:50  Missile Turret  
  92  6:51  Marine x3  
  96  7:00  Marine x2  
  96  7:01  Orbital Command, Marine x3  
  100  7:05  SCV x2  
  87  7:30  Marine x2  
  87  7:31  Barracks Tech Lab x4, Marauder x2  
  88  7:38  Marine x2  
  88  7:39  Concussive Shells  
  88  7:40  Marine  
  88  7:41  Marine  
  88  7:43  SCV x2  
  94  7:45  SCV  
  94  7:46  SCV  
  94  7:48  Factory Reactor, Marine  
  94  7:49  Starport  
  97  7:52  Marine, Marauder x2  
  97  7:53  Marauder x2  
  97  7:57  Armory  
  97  7:58  Supply Depot  
  97  8:09  Marine x3  
  97  8:10  Marauder x2  
  97  8:11  Marine x2  
  97  8:12  Marine  
  86  8:14  Marauder x2  
  86  8:15  Marauder x2  
  80  8:27  Marine x3  
  80  8:29  Marine  
  80  8:30  Marine  
  80  8:31  Marine  
  80  8:32  Marauder x2  
  73  8:35  SCV, Marauder x2  
  73  8:36  SCV x3, Marauder  
  75  8:45  Marine x2  
  75  8:46  Marine, Marauder  
  76  8:54  Marine  
  76  8:55  Marauder, Marine  
  79  8:56  Marauder x2  
  73  9:08  Marine x3  
  73  9:09  Marauder x2  
  71  9:10  Marine  
  71  9:11  Marauder  
  71  9:13  Orbital Command  
  71  9:16  Marine  
  71  9:17  Marauder, Marine  
  60  9:26  Marine x2  
  60  9:27  Marauder x2, Marine  
  60  9:30  Marauder  
  65  9:32  Marine x2  
  65  9:33  Marauder, Orbital Command  
  65  9:34  SCV  
  65  9:35  SCV x2  
  66  9:53  SCV x3  
  66  9:59  Medivac  
  71  10:00  Medivac  
  71  10:01  Terran Infantry Weapons Level 2, Terran Infantry Armor Level 2  
  71  10:02  Marine x2  
  71  10:03  Marauder x4, Marine  
  71  10:05  SCV  
  85  10:08  SCV x3  
  85  10:12  Marine x2  
  90  10:17  SCV  
  90  10:19  Marine x2  
  90  10:20  SCV x3  
  96  10:29  Medivac  
  96  10:30  Medivac  
  96  10:31  Widow Mine  
  81  10:44  Marine x2  
  81  10:45  Marauder  
  79  10:52  Marine  
  79  10:53  Marauder x3, Marine  
  79  10:54  Marauder  
  83  10:59  Marine x3  
  78  11:06  Marauder  
  78  11:07  Orbital Command  
  69  11:15  Marauder  
  69  11:17  Marine  
  69  11:18  Marine x9  
  74  11:27  Marine  
  72  11:35  Marine  
  72  11:36  Marauder x4, Marine x3  
  78  11:42  SCV  
  78  11:43  SCV  
  75  11:50  Marine x4  
  75  11:53  Marine  
  80  11:55  Marine x3  
  83  12:05  SCV x3  
  83  12:06  Marine  
  83  12:07  Marine  
  88  12:17  SCV x2  
  70  12:31  Marine x4  
  70  12:32  Marine x2, Marauder x3  
  70  12:33  Marauder x2  
  86  12:41  Marine  
  84  12:49  SCV, Marine x3  
  87  12:53  Marauder  
  87  12:54  Marauder x2  
  90  13:11  Marine  
  90  13:12  Marine x5  
  98  13:13  Marauder x3  
  96  13:29  Marine x3  
  96  13:30  Marine x6  
  96  13:34  Marine x2  
  98  13:50  Marine x2  
  98  13:51  Marine x5  
  98  13:54  SCV  
  107  13:56  SCV  
  109  14:04  Medivac  
  77  14:23  Marine x2  
  62  14:24  Marauder  
Show
View Real Time Build Order
Export as new Build Order

GoldenAnvil Zerg - Winner!

Build Orders: Hatch First 

Get SALT Encoding   

  12  0:01  Drone  
  13  0:13  Overlord  
  13  0:22  Overlord  
  13  0:26  Drone  
  14  0:33  Drone  
  15  0:37  Drone  
  16  0:57  Hatchery  
  16  1:00  Drone  
  16  1:05  Drone, Extractor  
  16  1:23  Spawning Pool  
  16  1:24  Drone  
  16  1:29  Drone  
  16  1:32  Drone  
  18  1:40  Drone  
  19  2:06  Drone  
  20  2:10  Metabolic Boost  
  20  2:11  Queen, Zergling x4  
  24  2:16  Queen  
  24  2:21  Zergling x2  
  27  2:25  Drone  
  27  2:29  Drone  
  29  2:40  Drone  
  29  2:41  Drone  
  31  2:46  Overlord  
  31  2:47  Drone  
  31  2:49  Queen  
  34  2:59  Queen  
  36  3:10  Drone x2  
  36  3:11  Drone x2  
  40  3:17  Overlord  
  40  3:18  Drone  
  41  3:33  Hatchery  
  40  3:35  Drone  
  40  3:36  Drone x3  
  44  3:51  Lair  
  44  3:52  Extractor  
  44  3:53  Drone x6  
  49  4:03  Zergling x6  
  49  4:05  Overlord  
  52  4:23  Evolution Chamber x2, Extractor, Queen  
  52  4:24  Extractor  
  50  4:35  Drone x3  
  50  4:36  Drone x5  
  59  4:38  Drone x2  
  60  4:46  Zergling x4  
  60  4:47  Zergling x2  
  59  5:06  Zerg Missile Weapons Level 1  
  59  5:07  Zerg Ground Armor Level 1  
  59  5:10  Roach Warren  
  56  5:15  Zergling x6  
  56  5:16  Zergling x14  
  66  5:22  Overlord x2  
  61  5:50  Drone x5  
  61  5:51  Drone x6  
  61  5:53  Glial Reconstitution  
  72  5:57  Spore Crawler x2, Overseer  
  67  6:14  Overlord x4  
  67  6:15  Roach x2  
  67  6:16  Roach x3  
  77  6:28  Roach x2  
  77  6:29  Overlord  
  77  6:30  Overlord  
  81  6:39  Roach  
  87  6:40  Roach x6  
  95  6:57  Spore Crawler  
  95  6:58  Spore Crawler, Roach x2  
  95  6:59  Spore Crawler, Roach x3  
  95  7:00  Roach  
  95  7:01  Spore Crawler, Drone  
  104  7:02  Drone  
  104  7:04  Drone  
  104  7:05  Drone  
  107  7:10  Roach  
  107  7:12  Roach  
  107  7:13  Roach  
  111  7:17  Roach x2  
  112  7:23  Roach x4  
  118  7:32  Roach x3  
  124  7:43  Zerg Ground Armor Level 2, Zerg Missile Weapons Level 2  
  124  7:46  Roach  
  126  7:55  Roach x2  
  126  7:57  Extractor x2  
  122  8:07  Hatchery  
  122  8:10  Drone, Roach x6  
  124  8:26  Roach x4  
  96  9:06  Roach x3  
  96  9:07  Roach x7  
  96  9:08  Roach x5  
  104  9:27  Roach x4  
  104  9:28  Roach x3  
  112  9:35  Roach x3  
  114  9:45  Roach x3  
  118  9:46  Roach  
  118  9:47  Roach  
  116  9:58  Roach x4  
  116  9:59  Roach x2  
  128  10:04  Overlord x4  
  128  10:13  Baneling Nest  
  127  10:16  Spire  
  127  10:22  Drone x4  
  127  10:23  Drone x4  
  135  10:31  Extractor  
  135  10:33  Extractor  
  109  10:58  Roach x3  
  109  10:59  Roach  
  109  11:01  Roach x6  
  109  11:02  Roach x7  
  141  11:14  Overseer x3  
  133  11:19  Roach  
  133  11:20  Roach x5  
  115  11:49  Mutalisk x5  
  115  11:50  Mutalisk  
  127  12:01  Mutalisk x2  
  131  12:11  Infestation Pit  
  128  12:19  Roach x5  
  128  12:20  Roach x3  
  132  12:26  Roach x3  
  131  12:33  Roach x3  
  131  12:35  Overlord x2  
  131  12:36  Overlord  
  133  12:42  Roach x3  
  120  12:53  Mutalisk x2  
  123  13:00  Mutalisk x3  
  129  13:09  Roach Warren  
  128  13:39  Mutalisk x2  
  128  13:40  Mutalisk x3  
  138  13:42  Zergling x8  
  142  13:52  Queen  
  142  13:55  Mutalisk x2  
  144  13:56  Zergling x2  
  144  13:57  Queen  
  151  14:09  Mutalisk  
  149  14:10  Zergling x4  
  149  14:11  Zergling x12  
  149  14:16  Zergling x6  
  149  14:17  Zergling x2  
  117  14:24  Roach x2  
  117  14:25  Roach  
Tags
 
Add a new tag
Caveats
  • Supply blocks, unpowered buildings, or Contaminate may cause inaccurate times.
  • Supply counts are checked every 10 seconds.